 Dungeon Crawl Stone Soup version 0.29.1-15-g9cfb28693d (webtiles) character file.

Game seed: 11739128106981855740

192 shadowmeld the Magician (level 6, -11/41 HPs)
             Began as a Djinni Fire Elementalist on Apr 11, 2023.
             Mangled by a gnoll sergeant
             ... wielding a +0 spear
              (12 damage)
             ... on level 3 of the Dungeon.
             The game lasted 00:11:03 (2706 turns).

shadowmeld the Magician (Djinni Fire Elementalist)  Turns: 2706, Time: 00:11:04

Health: -11/41     AC:  2    Str:  7    XL:     6   Next: 2%
Gold:   98         EV: 12    Int: 19    God:
                   SH:  0    Dex: 13

rFire   + + .      SeeInvis .   l - +3 dagger
rCold   x . .      Faith    .   (no shield)
rNeg    . . .      Spirit   .   a - +0 robe
rPois   ∞          Reflect  .   (no helmet)
rElec   .          Harm     .   (no cloak)
rCorr   .          Rampage  .   (no gloves)
Will    .....                   (boots unavailable)
Stlth   ++........              (no amulet)
HPRegen 0.13/turn               (no ring)
MPRegen 0.00/turn               (no ring)

@: flying
A: sickness immunity, fire resistance 2, cold vulnerability 1, float, innate
caster, HP casting, extra vitality 1
a: no special abilities


You were on level 3 of the Dungeon.
You visited 1 branch of the dungeon, and saw 3 of its levels.

You collected 98 gold pieces.

Inventory:

Hand Weapons
 l - a +3 dagger (weapon)
Missiles
 i - 5 atropa-tipped darts
Armour
 a - a +0 robe (worn)
Scrolls
 g - a scroll of silence {unknown}
 h - a scroll of torment {unknown}
 k - 3 scrolls of amnesia {unknown}
 o - 2 scrolls of enchant armour {unknown}
Potions
 c - 5 potions of haste
 d - 3 potions of curing
 e - a potion of might {unknown}
 f - a potion of ambrosia {unknown}
 j - 2 potions of attraction
 m - 2 potions of degeneration
 n - a potion of brilliance {unknown}


   Skills:
 * Level 0.4 Fighting
 * Level 2.4 Dodging
 - Level 1.8 Stealth
 * Level 4.6 Spellcasting


You couldn't memorise any spells.
You knew the following spells:

 Your Spells              Type           Power      Damage    Failure   Level
a - Foxfire               Conj/Fire      84%        2x1d8     1%          1
b - Scorch                Fire           42%        2d7       3%          2
c - Conjure Flame         Conj/Fire      21%        6-21      6%          3
d - Inner Flame           Hex/Fire       21%        N/A       6%          3
e - Flame Wave            Conj/Fire      21%        2d8       19%         4
f - Beastly Appendage     Tmut           42%        N/A       1%          1
g - Static Discharge      Conj/Air       21%        3-6/arc   3%          2
Your spell library was empty.

Dungeon Overview and Level Annotations

Branches:
Dungeon (3/15)

Altars:
Okawaru
Zin

Shops:
D:1 *


Innate Abilities, Weirdness & Mutations

You are immune to sickness and miasma.
You are immune to poison.
Your flesh is very heat resistant. (rF++)
You are vulnerable to cold. (rC-)
You float through the air rather than walking.
You learn spells naturally, not from books.
Your magical power is your life essence.
You have superior vitality. (+4 MHP)


Message History

The gnoll shouts! x3
Casting: Scorch (safe; 3% risk of failure)
Confirm with . or Enter, or press ? or * to list all spells.
Flames lash the gnoll.
The gnoll is moderately wounded.
The gnoll's fire resistance burns away.
You hear a shout!
Casting: Scorch (safe; 3% risk of failure)
Confirm with . or Enter, or press ? or * to list all spells.
Flames lash the gnoll.
The gnoll is burned terribly!
The gnoll is heavily wounded.
The gnoll closely misses you.
Casting: Scorch (safe; 3% risk of failure)
Confirm with . or Enter, or press ? or * to list all spells.
Flames lash the gnoll.
The gnoll is almost dead.
The gnoll's fire resistance burns away.
The gnoll hits you from afar with a +0 halberd!
Casting: Scorch (safe; 3% risk of failure)
Confirm with . or Enter, or press ? or * to list all spells.
Flames lash the gnoll.
The gnoll is burned terribly!
You kill the gnoll!
You have reached level 6!
Casting: Scorch (safe; 3% risk of failure)
Confirm with . or Enter, or press ? or * to list all spells.
Flames lash the gnoll sergeant.
The gnoll sergeant is lightly wounded.
The gnoll sergeant's fire resistance burns away.
The gnoll hits you with a +0 whip of pain.
* * * LOW HITPOINT WARNING * * *
Casting: Scorch (safe; 3% risk of failure)
Confirm with . or Enter, or press ? or * to list all spells.
Flames lash the gnoll sergeant.
The gnoll sergeant is burned terribly!
The gnoll sergeant is moderately wounded.
* * * LOW HITPOINT WARNING * * *
The gnoll hits you with a +0 flail!
* * * LOW HITPOINT WARNING * * *
The gnoll closely misses you.
The gnoll sergeant hits you from afar with a +0 spear!
You die...

...........#.##......(..
...........#g##..†♣..♣..
...........).##.........
..........####.........
..#.#.........#.....†♣..
..._.......####.........
###.#.#..g#### #.........
........gg# #.........
#.######@#############'##
#..# #...#......#.####.#
#..##.#...######......#
#......########.######
###>............#
##.############ #.# #†#
#.#


You could see a gnoll sergeant (combustible) and 2 gnolls.

Vanquished Creatures
  Jessica (D:2)
  Natasha (thrice) (D:2)
  3 gnolls (D:3)
  2 adders (D:2)
  2 dart slugs
  7 ball pythons
  A bat (D:3)
  2 endoplasms (D:2)
  A giant cockroach (D:1)
  4 goblins
  8 hobgoblins
  A quokka (D:3)
  2 frilled lizards (D:2)
  4 kobolds
  7 rats
48 creatures vanquished.

Vanquished Creatures (others)
  18 foxfires (D:1)
  2 plants (D:3)
20 creatures vanquished.

Grand Total: 68 creatures vanquished

Notes
Turn   | Place    | Note
-------+----------+-------------------------------------------
     0 | D:1      | shadowmeld the Djinni Fire Elementalist began the quest for
                  | the Orb.
     0 | D:1      | shadowmeld set off with the following spells memorised:
                  | Foxfire, Scorch, Conjure Flame, Inner Flame, Flame Wave.
     0 | D:1      | Reached XP level 1. HP: 15/15 MP: 0/0
   259 | D:1      | Reached XP level 2. HP: 20/21 MP: 0/0
   395 | D:1      | Found Kibet's Assorted Antiques.
   778 | D:1      | You are sucked into a shaft and drop 1 floor!
   800 | D:2      | Reached skill level 3 in Spellcasting
   800 | D:2      | Reached XP level 3. HP: 16/25 MP: 0/0
   800 | D:2      | Learned a level 1 spell: Beastly Appendage
   924 | D:2      | Found a glowing silver altar of Zin.
  1207 | D:2      | Noticed Jessica
  1212 | D:2      | Noticed Natasha
  1213 | D:2      | Killed Jessica
  1214 | D:2      | Reached XP level 4. HP: 24/31 MP: 0/0
  1225 | D:2      | Killed Natasha
  1267 | D:2      | Noticed Natasha
  1273 | D:2      | Killed Natasha
  1274 | D:2      | Reached skill level 4 in Spellcasting
  1274 | D:2      | Reached XP level 5. HP: 10/35 MP: 0/0
  1274 | D:2      | Learned a level 2 spell: Static Discharge
  1397 | D:2      | Noticed Natasha
  1405 | D:2      | Killed Natasha
  1740 | D:2      | Found a faded altar of an unknown god.
  2254 | D:3      | Found an iron altar of Okawaru.
  2705 | D:3      | Reached XP level 6. HP: 17/41 MP: 0/0
  2706 | D:3      | HP: 1/41 [gnoll/+0 flail[a gnoll sergeant] (7)]
  2706 | D:3      | Mangled by a gnoll sergeant

Illustrated notes

Levels and vault maps discovered:
D:1:      ncdulo_watergridlock, layout_loops_ring, serial_shops, shop
D:2:      layout_rooms, ebering_ecumenical_altar_rust, basic_altar,
          minmay_surrounded, uniq_natasha, uniq_jessica
D:3:      layout_basic, okawaru_metal_pillars_1_2, tso_oasis_becter,
          kennysheep_generic_room_2, uniq_terence

Skill      XL: |  1  2  3  4 |
---------------+-------------+-----
Spellcasting   | 3 4 |  4.6
Fighting       | |  0.4
Dodging        | |  2.4
Stealth        | |  1.8

Action                   |  1- 3 |  4- 6 || total
-------------------------+-------+-------++-------
 Cast: Foxfire           |    10 |       ||    10
       Scorch            |    17 |    46 ||    63
  Use: Scroll            |       |     4 ||     4
Dodge: Dodged            |     2 |    10 ||    12
